 Dungeon Crawl Stone Soup version 0.20-a0-1056-g7622305 (webtiles) character file.

17125 Rrauwl the Fencer (level 12, -13/92 HPs)
             Began as a Barachi Fighter on Apr 25, 2017.
             Was a High Priest of Cheibriados.
             Mangled by an ettin
             ... wielding a +0 great mace
              (22 damage)
             ... on level 11 of the Dungeon on Apr 26, 2017.
             The game lasted 00:48:43 (10981 turns).

Rrauwl the Fencer (Barachi Fighter)                Turns: 10981, Time: 00:48:44

Health: -13/92     AC: 16    Str: 35    XL:     12   Next: 44%
Magic:  5/18       EV: 15    Int: 22    God:    Cheibriados [*****.]
Gold:   442        SH: 18    Dex: 26    Spells: 13/15 levels left

rFire    . . .     SeeInvis .   a - +1 long sword
rCold    . . .     Gourm    .   I - +0 large shield
rNeg     . . .     Faith    .   e - +4 scale mail
rPois    +         Spirit   .   L - +0 helmet
rElec    .         Reflect  .   (no cloak)
rCorr    .         Harm     .   o - +2 pair of gloves
MR       .....                  (no boots)
Stlth    +.........             (no amulet)
Regen    0.3/turn               w - +4 ring of evasion
MPRegen  0.2/turn               F - ring of wizardry

@: very slow
A: +LOS, swims, poison resistance, slowness 1, strong 2, strong legs 1
a: Hop, Bend Time, Temporal Distortion, Slouch, Step From Time, Renounce
Religion


You were on level 11 of the Dungeon.
You worshipped Cheibriados.
Cheibriados was extremely pleased with you.
You were very hungry.

You visited 2 branches of the dungeon, and saw 12 of its levels.

You collected 788 gold pieces.
You spent 346 gold pieces at shops.

Inventory:

Hand Weapons
 a - a +1 long sword (weapon)
Armour
 e - a +4 scale mail (worn)
 o - a +2 pair of gloves (worn)
 I - a +0 large shield (worn)
 L - a +0 helmet (worn)
Magical Staves
 s - an uncursed staff of summoning
Jewellery
 g - an uncursed ring of fire
 w - a +4 ring of evasion (left hand)
 z - an uncursed ring of flight
 C - an uncursed ring of stealth
 F - a ring of wizardry (right hand)
Wands
 b - a wand of polymorph (11/24)
 c - a wand of iceblast (6/15)
 n - a wand of digging (24/24)
 y - a wand of lightning (10/15)
 O - a wand of digging (19/24)
Scrolls
 i - 7 scrolls of teleportation
 j - 4 scrolls of magic mapping
 q - a scroll of enchant armour
 t - 5 scrolls of identify
 x - 4 scrolls of remove curse
 E - a scroll of amnesia
 G - a scroll of blinking
 N - a scroll of fog
Potions
 k - 5 potions of brilliance
 l - a potion of lignification
 m - a potion of mutation
 p - a potion of flight
 r - 4 potions of curing
 u - a potion of cancellation
 K - a potion of might
Books
 h - a book of Changes

   Spells                             Type                      Level
   a - Beastly Appendage              Transmutation                1
   b - Sticks to Snakes               Transmutation                2
   c - Spider Form                    Transmutation/Poison         3
   d - Ice Form                       Ice/Transmutation            4
   e - Blade Hands                    Transmutation                5
 v - a book of Minor Magic

   Spells                             Type                      Level
   a - Magic Dart                     Conjuration                  1
   b - Blink                          Translocation                2
   c - Call Imp                       Summoning                    2
   d - Slow                           Hexes                        2
   e - Conjure Flame                  Conjuration/Fire             3
   f - Mephitic Cloud                 Conjuration/Poison/Air       3
 B - a book of Cantrips

   Spells                             Type                      Level
   a - Confusing Touch                Hexes                        1
   b - Animate Skeleton               Necromancy                   1
   c - Summon Small Mammal            Summoning                    1
   d - Apportation                    Translocation                1
 D - a book of Maledictions

   Spells                             Type                      Level
   a - Corona                         Hexes                        1
   b - Ensorcelled Hibernation        Hexes/Ice                    2
   c - Confuse                        Hexes                        3
   d - Tukima's Dance                 Hexes                        3
   e - Dazzling Spray                 Conjuration/Hexes            3
 H - a book of Misfortune

   Spells                             Type                      Level
   a - Confusing Touch                Hexes                        1
   b - Confuse                        Hexes                        3
   c - Gell's Gravitas                Translocation                3
   d - Petrify                        Transmutation/Earth          4
   e - Metabolic Englaciation         Hexes/Ice                    5
   f - Yara's Violent Unravelling     Hexes/Transmutation          5
Comestibles
 f - 5 bread rations
 A - 3 meat rations
 J - 19 royal jellies


   Skills:
 - Level 8.0 Fighting
 + Level 16.3 Long Blades
 + Level 6.2 Armour
 - Level 5.0 Dodging
 - Level 4.0 Shields
 - Level 2.0 Spellcasting
 - Level 6.0 Translocations
 - Level 8.0 Invocations
 - Level 2.0 Evocations


You had 13 spell levels left.
You knew the following spells:

 Your Spells              Type           Power        Failure   Level  Hunger
a - Blink                 Tloc           N/A          19%         2    ##.....


Dungeon Overview and Level Annotations

Branches:
Dungeon (11/15)            Temple (1/1) D:7            Lair (0/6) D:9
    Orc (0/2) D:11

Altars:
Ashenzari
Cheibriados
Dithmenos
Elyvilon
Fedhas
Gozag
Hepliaklqana
Kikubaaqudgha
Makhleb
Nemelex Xobeh
Okawaru
Qazlal
Ru
Sif Muna
Trog
Uskayaw
Vehumet
Wu Jian
Xom
Yredelemnul
Zin
The Shining One

Shops:
D:4 !   D:10 [


Innate Abilities, Weirdness & Mutations

Shadows flee at your approach. (+LOS)
You can swim through water.
You cover ground slowly.
You can hop short distances.
Your system is resistant to poisons. (rPois)
Your muscles are very strong. (Str +4)


Message History

The ettin hits you with a great mace!!
* * * LOW HITPOINT WARNING * * *
You block the ettin's attack.
You step out of the flow of time.
You return to the normal time flow.
You are feeling hungry.
Cheibriados lowers the support of your attributes as your movement quickens.
The ettin shouts in stereo!
You block the ettin's attack. x2
Okay, then.
You warp the flow of time around you!
You are feeling very hungry.
Cheibriados lowers the support of your attributes as your movement quickens.
The cyclops shouts!
You see here 4 large rocks.
There is an open door here.
You see here a large rock.
You feel better.
The cyclops shouts!
The ettin hits you with a great mace!!
You die...

#....... ##........
#...... #.#.......
#..C.. ##........
#.... ##........
.C. #......... #(#
##..#...... #(#
#...#...... #C#
#...##..... ##@##
#..###..... #.(.#
#..# ##.... #...#
#..####....
#...#####.##.###...
#...'..##.##(# #...
#.(.##.##.##.###...
#...##.##.#...###..
#...##.##.P...# #..
#...##.##..(..# #..


You could see an ettin and 2 cyclopes.

Vanquished Creatures
  A stone giant (D:11)
  An ettin (D:11)
  A two-headed ogre (D:9)
  Urug (D:10)
  10 cyclopes (D:11)
  A gargoyle (D:10)
  2 queen bees (D:10)
  3 hippogriffs (D:11)
  Sigmund (D:2)
  9 yaks (D:11)
  Eustachio (D:5)
  3 wargs (D:11)
  6 orc warriors
  4 sky beasts
  3 ice beasts
  2 phantoms
  An ogre (D:5)
  A black bear (D:11)
  4 centaurs
  A necrophage (D:9)
  3 wolves (D:11)
  A crocodile (D:9)
  2 big kobolds
  3 bullfrogs
  A wyvern skeleton (D:9)
  6 scorpions
  A hornet simulacrum (D:9)
  45 killer bees
  A water moccasin skeleton (D:7)
  5 wights (D:10)
  2 howler monkeys (D:10)
  7 crimson imps
  A bullfrog zombie (D:10)
  2 centaur zombies
  A quasit (D:10)
  A jelly (D:9)
  8 orc wizards
  8 orc priests
  3 hounds
  A bullfrog skeleton (D:9)
  3 iguanas
  7 worker ants
  3 worker ant zombies
  A howler monkey zombie (D:7)
  17 adders
  2 howler monkey skeletons
  2 shadow imps
  3 oozes
  3 worms
  4 leopard geckos
  37 orcs
  5 giant cockroaches
  7 goblins
  11 hobgoblins
  27 jackals
  17 kobolds
  3 quokkas
  A ball python (D:5)
  3 bats
  9 frilled lizards
  8 rats
331 creatures vanquished.

Notes
Turn   | Place    | Note
-------+----------+-------------------------------------------
     0 | D:1      | Rrauwl the Barachi Fighter began the quest for the Orb.
     0 | D:1      | Reached XP level 1. HP: 18/18 MP: 1/1
    57 | D:1      | Reached XP level 2. HP: 22/25 MP: 2/2
   312 | D:1      | Reached XP level 3. HP: 29/30 MP: 3/3
   373 | D:1      | Reached skill level 3 in Long Blades
   918 | D:2      | Reached skill level 1 in Dodging
   987 | D:2      | Found a snail-covered altar of Cheibriados.
   996 | D:2      | Became a worshipper of Cheibriados the Contemplative
   997 | D:2      | Reached XP level 4. HP: 36/37 MP: 4/4
  1373 | D:2      | Noticed Sigmund
  1386 | D:2      | Killed Sigmund
  1386 | D:2      | Reached skill level 5 in Long Blades
  1386 | D:2      | Reached XP level 5. HP: 26/42 MP: 5/5
  1386 | D:2      | Reached XP level 6. HP: 29/48 MP: 6/6
  1932 | D:2      | Reached * piety under Cheibriados
  1992 | D:2      | Found a sparkling altar of Nemelex Xobeh.
  2640 | D:4      | Found Xeommiy's Distillery.
  2651 | D:4      | Bought a potion of mutation for 80 gold pieces
  2651 | D:4      | Bought a potion of degeneration for 10 gold pieces
  2656 | D:4      | Gained mutation: You tend to lose your temper in combat. [potion of mutation]
  2656 | D:4      | Lost mutation: You tend to lose your temper in combat. [potion of mutation]
  2656 | D:4      | Gained mutation: Your spells are a little harder to cast, but a little more powerful. [potion of mutation]
  2657 | D:4      | Lost mutation: Your spells are a little harder to cast, but a little more powerful. [potion of mutation]
  2657 | D:4      | Gained mutation: Your muscles are strong. (Str +2) [potion of mutation]
  2657 | D:4      | Gained mutation: Your muscles are very strong. (Str +4) [potion of mutation]
  2852 | D:4      | Reached ** piety under Cheibriados
  2863 | D:4      | Reached skill level 6 in Long Blades
  2863 | D:4      | Reached XP level 7. HP: 26/54 MP: 7/7
  3125 | D:4      | Learned a level 2 spell: Blink
  3405 | D:5      | Entered Level 5 of the Dungeon
  3421 | D:5      | Reached skill level 1 in Translocations
  3649 | D:5      | Reached skill level 5 in Dodging
  3649 | D:5      | Reached skill level 1 in Spellcasting
  3649 | D:5      | Reached skill level 1 in Invocations
  3869 | D:5      | Reached *** piety under Cheibriados
  4066 | D:5      | Reached XP level 8. HP: 48/60 MP: 10/10
  4106 | D:5      | Found a white marble altar of Elyvilon.
  4200 | D:5      | Noticed Eustachio
  4232 | D:5      | Killed Eustachio
  4232 | D:5      | Reached skill level 7 in Long Blades
  4232 | D:5      | Reached skill level 1 in Evocations
  4449 | D:6      | Found a radiant altar of Vehumet.
  5129 | D:7      | Reached skill level 8 in Long Blades
  5213 | D:7      | Reached skill level 9 in Long Blades
  5377 | D:7      | Reached XP level 9. HP: 64/65 MP: 12/12
  5383 | D:7      | Reached **** piety under Cheibriados
  5391 | D:7      | Found a staircase to the Ecumenical Temple.
  5459 | Temple   | Entered the Ecumenical Temple
  5814 | D:7      | Found a deep blue altar of Sif Muna.
  5824 | D:7      | Reached skill level 10 in Long Blades
  6369 | D:8      | Reached skill level 11 in Long Blades
  6757 | D:9      | Noticed a two-headed ogre
  6798 | D:9      | Found a staircase to the Lair.
  6827 | D:9      | Reached ***** piety under Cheibriados
  7004 | D:9      | Killed a two-headed ogre
  7004 | D:9      | Reached skill level 12 in Long Blades
  7004 | D:9      | Reached skill level 5 in Translocations
  7004 | D:9      | Reached XP level 10. HP: 15/71 MP: 13/13
  7579 | D:9      | Reached skill level 5 in Invocations
  7822 | D:10     | Entered Level 10 of the Dungeon
  7824 | D:10     | Found Qaopamab's Antique Armour Emporium.
  7835 | D:10     | Noticed Urug
  7854 | D:10     | Killed Urug
  7854 | D:10     | Reached skill level 13 in Long Blades
  8231 | D:10     | Bought a pair of faintly humming boots for 256 gold pieces
  8236 | D:10     | Identified the +0 pair of boots of Lethargy {MR- Str+2 Int+3} (You bought it in a shop on level 10 of the Dungeon)
  8297 | D:10     | Reached XP level 11. HP: 71/77 MP: 16/16
  8446 | D:10     | Reached skill level 14 in Long Blades
  9611 | D:11     | Found a staircase to the Orcish Mines.
  9845 | D:11     | Gained mutation: Your system is resistant to poisons. (rPois) [mutagenic meat]
  9908 | D:11     | Reached skill level 5 in Fighting
 10077 | D:11     | Noticed a cyclops
 10094 | D:11     | Killed a cyclops
 10259 | D:11     | Noticed a cyclops
 10260 | D:11     | Noticed an ettin
 10261 | D:11     | Noticed a cyclops
 10270 | D:11     | Killed an ettin
 10270 | D:11     | Reached skill level 15 in Long Blades
 10273 | D:11     | Killed a cyclops
 10278 | D:11     | Killed a cyclops
 10288 | D:11     | Noticed a cyclops
 10288 | D:11     | Noticed a cyclops
 10301 | D:11     | Killed a cyclops
 10301 | D:11     | Reached XP level 12. HP: 59/91 MP: 14/18
 10591 | D:11     | Reached skill level 16 in Long Blades
 10591 | D:11     | Reached skill level 5 in Armour
 10943 | D:11     | Noticed a stone giant
 10943 | D:11     | Noticed an ettin
 10972 | D:11     | Killed a stone giant
 10976 | D:11     | HP: 2/92 [ettin/great mace (34)]
 10981 | D:11     | Mangled by an ettin

Vault maps used:
D:1:      lightli_arrival_statue_moat, minivault_5, st_stairs_12
D:2:      lemuel_round_altar, nicolae_overflow_crystal_walls, uniq_sigmund
D:3:      first_bread
D:4:      serial_shops, shop_statue
D:5:      elyvilon_altar_1, uniq_eustachio
D:6:      vehumet_altar_wand_db, minivault_10
D:7:      kennysheep_orc_sif_temple, minmay_temple_entry_glassed_door
D:9:      lair_entry_dummy
D:10:     special_room, serial_shops, shop, david_nohive_1, uniq_urug
D:11:     giant_chief_lemuel, david_orc_3, hangedman_ru_absence
Temple:   dpeg_five_rooms_temple

Skill      XL: |  1  2  3  4  5  6  7  8  9 10 11 12 |
---------------+-------------------------------------+-----
Armour         | 4 6 |  6.2
Long Blades    | 3 5 6 9 12 13 15 16 | 16.3
Fighting       | 4 7 8 |  8.0
Dodging        | 1 3 4 5 |  5.0
Shields        | 4 |  4.0
Translocations | 2 3 5 6 |  6.0
Spellcasting   | 1 2 |  2.0
Invocations    | 1 3 4 6 8 |  8.0
Evocations     | 2 |  2.0

Action                   |  1- 3 |  4- 6 |  7- 9 | 10-12 || total
-------------------------+-------+-------+-------+-------++-------
Melee: Long sword        |   100 |   172 |   447 |   622 ||  1341
Invok: Slouch            |       |       |     1 |     5 ||     6
       Bend Time         |       |       |       |     2 ||     2
       Step From Time    |       |       |       |     1 ||     1
       Temporal Distorti |       |       |       |     1 ||     1
Evoke: Wand              |       |       |       |     2 ||     2
  Use: Potion            |       |     3 |     9 |     4 ||    16
       Scroll            |       |     2 |    11 |     3 ||    16
 Stab: Sleeping          |       |       |     2 |       ||     2
       Distracted        |       |       |     1 |       ||     1
  Eat: Chunk             |     1 |     3 |     8 |     6 ||    18
       Royal jelly       |       |     1 |       |       ||     1
       Fruit             |       |       |     1 |     4 ||     5
Armor: Scale mail        |    47 |    53 |   110 |    90 ||   300
       Skin              |       |       |    64 |       ||    64
Dodge: Dodged            |    32 |    65 |   206 |   215 ||   518
Block: Shield            |    51 |    83 |   290 |    57 ||   481
       Large shield      |       |       |       |   469 ||   469
       Rpst.: Long sword |     5 |    12 |    60 |    61 ||   138
